Map: Blackpink LE

Players

Dark

  • Race: Zerg Zerg
  • Spawn Location: 1:00

Maru - Winner!

  • Race: Terran Terran
  • Spawn Location: 7:00

Event: WESG 2017 Haikou

VOD

Have the link to the VOD?

Description

Time

  • Played on: March 17, 2018, 10:10 p.m.
  • Length: 11:34

All games in this series

Show
View Real Time Build Order
Export as new Build Order

Dark Zerg 

Build Orders: Hatch First 

Get SALT Encoding   

  12  0:00  Drone  
  13  0:12  Overlord  
  13  0:18  Drone  
  14  0:31  Drone x2  
  14  0:34  Drone  
  17  0:51  Hatchery  
  17  0:55  Drone  
  17  0:57  Drone  
  18  1:11  Extractor  
  17  1:13  Spawning Pool  
  17  1:15  Drone  
  17  1:20  Drone  
  18  1:28  Drone  
  19  1:39  Overlord  
  19  1:55  Drone  
  19  1:59  Queen  
  22  2:02  Queen  
  22  2:03  Zergling x4  
  26  2:10  Metabolic Boost  
  26  2:12  Drone  
  27  2:16  Drone  
  28  2:25  Drone  
  28  2:26  Drone  
  30  2:36  Drone x2  
  32  2:41  Hatchery  
  31  2:46  Queen  
  31  2:49  Drone  
  34  2:57  Overlord  
  34  3:02  Overlord  
  34  3:06  Drone x2  
  36  3:18  Drone x5  
  36  3:19  Drone x2  
  43  3:23  Queen  
  43  3:26  Drone  
  46  3:35  Drone  
  46  3:39  Drone  
  48  3:44  Lair  
  48  3:47  Drone x4  
  52  3:52  Overlord  
  52  3:54  Extractor x2  
  50  3:56  Zergling x6  
  50  3:57  Zergling x4  
  50  4:00  Queen  
  57  4:06  Overlord  
  57  4:08  Overlord  
  57  4:11  Drone  
  57  4:15  Spore Crawler  
  57  4:16  Drone  
  58  4:21  Baneling Nest  
  58  4:23  Drone  
  58  4:27  Drone x3  
  58  4:28  Drone x3  
  58  4:30  Drone  
  65  4:32  Drone  
  65  4:35  Drone  
  65  4:36  Drone  
  68  4:39  Drone x2  
  68  4:42  Drone  
  70  4:46  Drone  
  70  4:49  Drone  
  72  4:54  Drone  
  72  4:56  Evolution Chamber  
  72  4:57  Evolution Chamber  
  72  4:58  Overseer  
  72  4:59  Drone  
  72  5:00  Drone  
  72  5:04  Overlord  
  73  5:07  Overlord  
  73  5:08  Centrifical Hooks  
  73  5:11  Overlord  
  73  5:15  Overlord  
  73  5:23  Drone x5  
  73  5:24  Drone x2  
  73  5:26  Zerg Melee Weapons Level 1, Zerg Ground Armor Level 1  
  73  5:27  Drone  
  81  5:28  Drone  
  82  5:38  Hatchery  
  82  5:40  Drone  
  82  5:41  Drone x2  
  84  5:46  Extractor  
  84  5:48  Extractor  
  82  5:50  Drone  
  82  5:51  Spore Crawler  
  82  5:58  Drone  
  82  6:00  Zergling x14  
  82  6:01  Hydralisk Den, Hatchery  
  88  6:05  Baneling  
  88  6:06  Baneling x7  
  88  6:09  Zergling x6  
  91  6:16  Zergling x16  
  99  6:22  Baneling x2  
  99  6:27  Baneling x4  
  99  6:33  Grooved Spines  
  99  6:34  Baneling x2  
  99  6:38  Zergling x14  
  106  6:46  Baneling  
  106  6:47  Baneling x3  
  106  6:53  Drone x7  
  112  6:54  Overlord  
  108  7:06  Drone x4  
  109  7:10  Drone x2  
  109  7:16  Hydralisk x4  
  109  7:18  Hydralisk x3, Baneling  
  109  7:21  Hydralisk  
  125  7:27  Zergling x2  
  124  7:30  Overlord  
  112  7:44  Zerg Melee Weapons Level 2  
  112  7:45  Zerg Ground Armor Level 2, Hydralisk  
  112  7:46  Hydralisk  
  112  7:47  Overlord x2  
  112  7:48  Drone x2  
  112  7:49  Drone  
  112  7:50  Drone x3  
  122  7:51  Zergling x6  
  122  7:52  Extractor, Zergling x12  
  122  7:56  Zergling x2  
  114  8:07  Hydralisk x2  
  114  8:08  Zergling x6  
  114  8:09  Zergling x4  
  115  8:14  Hydralisk x2, Baneling x4  
  120  8:20  Zergling x12  
  120  8:22  Baneling x4  
  120  8:24  Hydralisk  
  120  8:25  Overlord  
  126  8:31  Baneling  
  126  8:43  Muscular Augments  
  126  8:44  Hydralisk  
  126  8:45  Hatchery, Hydralisk  
  129  8:52  Hydralisk x2  
  129  8:53  Hatchery, Hydralisk  
  135  9:10  Drone x13  
  135  9:16  Hydralisk x2  
  149  9:24  Zergling x2  
  152  9:25  Overlord  
  152  9:27  Hatchery  
  152  9:29  Baneling x4  
  137  9:41  Zergling x24  
  149  9:47  Hydralisk, Baneling  
  149  9:48  Hydralisk x3  
  153  10:01  Baneling x3  
  153  10:04  Baneling x2  
  153  10:05  Baneling x2  
  152  10:08  Hatchery, Baneling x2  
  152  10:09  Zergling x2  
  150  10:15  Hatchery  
  147  10:28  Zergling x18  
  138  10:37  Zergling x2  
  138  10:41  Queen x3  
  138  10:42  Hatchery  
  144  10:44  Zergling x2  
  144  10:47  Baneling  
  144  10:48  Baneling x5  
  145  10:50  Infestation Pit  
  145  10:51  Baneling  
  145  10:52  Zergling x2, Baneling x12  
  145  11:04  Overlord x2  
  145  11:09  Baneling x4  
Show
View Real Time Build Order
Export as new Build Order

Maru Terran - Winner!

Build Orders: Liberator Opening, Reaper Expand, Bio Tank 

Get SALT Encoding   

  12  0:00  SCV  
  13  0:13  SCV  
  14  0:17  Supply Depot  
  14  0:25  SCV  
  15  0:39  SCV  
  15  0:41  Barracks  
  16  0:43  Refinery  
  16  0:51  SCV  
  17  1:03  SCV  
  18  1:15  SCV  
  19  1:27  Orbital Command, Reaper  
  20  1:39  Command Center  
  20  1:48  Supply Depot  
  20  1:53  SCV  
  21  1:59  Marine  
  22  2:03  Factory  
  22  2:06  SCV  
  23  2:11  Refinery  
  23  2:18  SCV  
  23  2:20  Barracks Reactor  
  24  2:31  SCV  
  25  2:43  SCV  
  26  2:48  Starport  
  26  2:50  Orbital Command  
  26  2:55  SCV  
  27  3:01  Hellion x2  
  27  3:02  Barracks Tech Lab  
  27  3:04  Supply Depot  
  31  3:07  SCV  
  32  3:18  SCV  
  32  3:19  SCV  
  34  3:30  SCV, Viking  
  34  3:31  SCV  
  40  3:37  Barracks Tech Lab  
  40  3:41  Supply Depot  
  40  3:42  SCV  
  40  3:44  SCV  
  40  3:45  Liberator  
  40  3:52  Command Center  
  40  3:54  SCV  
  41  3:56  SCV  
  45  4:04  Stimpack  
  45  4:05  Supply Depot  
  45  4:06  SCV  
  45  4:08  SCV  
  47  4:15  Barracks  
  47  4:18  SCV, Barracks  
  47  4:21  Factory Reactor  
  47  4:22  SCV  
  49  4:32  SCV, Engineering Bay  
  49  4:33  Engineering Bay  
  49  4:38  SCV  
  51  4:39  Marine  
  51  4:44  SCV  
  53  4:50  SCV  
  53  4:52  Refinery  
  54  4:53  Starport Reactor  
  54  4:54  Supply Depot  
  54  4:56  SCV  
  54  4:57  Marine  
  56  5:02  SCV  
  56  5:03  Siege Tank  
  56  5:04  Marine  
  56  5:05  Orbital Command  
  61  5:08  SCV  
  61  5:11  Terran Infantry Weapons Level 1  
  61  5:12  Marine  
  61  5:13  Marine x2  
  65  5:15  Marine  
  66  5:21  Refinery  
  66  5:24  Terran Infantry Armor Level 1  
  66  5:27  Orbital Command  
  66  5:28  Marine  
  66  5:29  Marine  
  66  5:31  Marine  
  66  5:34  Medivac  
  71  5:35  Marine x2  
  71  5:37  SCV  
  71  5:41  Medivac  
  76  5:45  SCV  
  76  5:46  Marine  
  76  5:47  Marine  
  76  5:49  SCV, Marine  
  81  5:53  SCV, Marine  
  81  5:54  Siege Tank, Marine  
  87  5:58  SCV  
  87  6:01  SCV  
  87  6:03  Supply Depot  
  87  6:04  Supply Depot  
  89  6:05  SCV  
  89  6:06  Marine  
  89  6:07  Marine x2, Combat Shields  
  93  6:17  Supply Depot  
  93  6:24  Supply Depot, SCV x3, Medivac x2  
  93  6:25  Marine x4  
  100  6:28  Marine  
  100  6:32  Armory  
  105  6:35  Supply Depot  
  105  6:36  SCV  
  105  6:37  SCV  
  107  6:42  SCV  
  107  6:43  Supply Depot, Marine x4  
  112  6:48  SCV  
  112  6:50  Marine  
  112  6:51  Siege Tank  
  112  6:52  SCV  
  118  6:58  Supply Depot  
  118  7:01  Marine, Barracks  
  111  7:02  SCV x2  
  111  7:03  Barracks  
  111  7:04  Marine x2  
  116  7:11  SCV  
  116  7:14  SCV  
  116  7:15  SCV  
  119  7:18  Marine x2  
  119  7:19  Supply Depot, Medivac x2  
  124  7:23  SCV  
  124  7:26  SCV  
  124  7:27  SCV, Marine x2  
  124  7:28  Marine  
  130  7:31  Siege Tank  
  130  7:35  SCV  
  130  7:36  Marine  
  133  7:38  SCV  
  133  7:39  SCV  
  133  7:43  Refinery  
  130  7:44  Terran Infantry Weapons Level 2, Refinery, Terran Infantry Armor Level 2  
  130  7:48  SCV  
  130  7:51  SCV x2, Marine x2  
  132  7:54  Marine x2  
  132  7:55  Marine  
  138  8:00  SCV  
  138  8:03  Siege Tank  
  131  8:09  Marine x2  
  131  8:11  Marine x2  
  131  8:12  Marine  
  132  8:19  SCV x2  
  135  8:26  Command Center  
  135  8:27  Marine x2  
  135  8:29  Marine x2  
  135  8:30  Marine  
  135  8:34  Barracks Reactor x2  
  140  8:35  SCV, Siege Tank  
  144  8:45  Marine x2  
  144  8:46  SCV  
  144  8:47  Marine x2  
  144  8:48  Terran Vehicle Weapons Level 1  
  149  8:50  Supply Depot  
  149  8:52  Supply Depot  
  149  8:53  Marine  
  150  8:56  Unknown x2  
  150  8:57  Unknown x2  
  150  9:00  Liberator x2  
  150  9:03  Marine x2  
  150  9:05  Marine x2  
  150  9:06  Supply Depot x2  
  150  9:07  Siege Tank  
  156  9:11  Marine  
  156  9:12  Marine x2  
  159  9:18  Barracks  
  159  9:19  Factory  
  159  9:20  Marine  
  159  9:21  Marine  
  159  9:23  Marine x2  
  169  9:30  Marine  
  170  9:31  SCV  
  170  9:38  Marine x3  
  167  9:40  Siege Tank  
  170  9:49  Marine x4  
  168  9:53  Marine x2  
  168  9:55  Marine  
  168  9:56  Marine x2  
  173  10:00  Medivac x2  
  172  10:07  Marine x4  
  172  10:09  Factory Tech Lab  
  172  10:12  Siege Tank  
  172  10:13  Marine  
  172  10:14  Marine x3  
  176  10:16  Barracks Tech Lab  
  176  10:18  Barracks  
  176  10:21  Barracks  
  173  10:26  Marine x3  
  149  10:28  Marine  
  149  10:29  Marine  
  149  10:31  Marine x2  
  149  10:33  Medivac x2  
  154  10:44  Siege Tank  
  154  10:48  Siege Tank, Planetary Fortress, Marine  
  161  10:50  Sensor Tower  
  161  10:55  Marine x2  
  163  10:58  Marine x7  
  170  11:14  Command Center  
  175  11:21  Barracks Tech Lab  
Tags
 
Add a new tag
Caveats
  • Supply blocks, unpowered buildings, or Contaminate may cause inaccurate times.
  • Supply counts are checked every 10 seconds.